cohdb
Replays
Latest Replays
All Replays
Popular Replays
Top Player Replays
Match Explorer
How It Works
Community
CoH3 Stats
Reddit
Sign in to upload your games and track your stats! →
Sign in with Steam
Match 43985647
Unlisted
Match 43985647
Overview
Messages
Build Orders
End
Construct Infanterie Kompanie
Selects Terror Battlegroup
Grenadier Squad
GrW 34 Mortar Team
Grenadier Squad
Medical Station
Infanterie Officer Quarters
Grenadier Squad
Selects Heavy Gunnery
Selects Contempt for the Weak
Construct Luftwaffe Kompanie
221 Scout Car
Jäger Squad
Selects Jericho Trumpet
Pioneer Squad
Luftwaffe Officer Quarters
Support Elements
Marder III M Tank Destroyer
Jericho Trumpet
Marder III M Tank Destroyer
Selects V1 Rocket Strike
Selects V1 Rocket Strike
Jäger Squad
Pioneer Squad
Wirbelwind Flakpanzer
Jäger Squad
Jäger Squad
Selects No Quarter
V1 Rocket Strike
Iseldur
Robin Da Hood
LoserNub
Ark
萌新
xmhlgtsi624
Oven Merchant
Praetorian
0
0
Comments
sign in to comment!
No comments posted yet!